 Dungeon Crawl Stone Soup version 0.21.1-1-g345015fe64 (webtiles) character file.

1268 Razbojnik the Thaumaturge (level 8, -4/43 HPs)
             Began as a Deep Elf Conjurer on July 28, 2018.
             Was a Believer of Vehumet.
             Slain by an unseen horror (8 damage)
             ... on level 5 of the Dungeon.
             The game lasted 00:24:43 (5210 turns).

Razbojnik the Thaumaturge (Deep Elf Conjurer)       Turns: 5210, Time: 00:24:44

Health: -4/43      AC:  2    Str:  5    XL:     8   Next: 28%
Magic:  17/22      EV: 13    Int: 23    God:    Vehumet [**....]
Gold:   292        SH:  0    Dex: 15    Spells: 9/23 levels left

rFire    + . .     SeeInvis .   w - staff of conjuration
rCold    . . .     Gourm    .   (no shield)
rNeg     . . .     Faith    .   a - +0 robe
rPois    .         Spirit   .   (no helmet)
rElec    .         Reflect  .   (no cloak)
rCorr    +         Harm     .   (no gloves)
MR       .....                  (no boots)
Stlth    +++.......             (no amulet)
HPRegen  0.14/turn              f - ring of resist corrosion
MPRegen  0.18/turn              o - ring of protection from fire

@: no status effects
A: no striking features
a: Renounce Religion


You were on level 5 of the Dungeon.
You worshipped Vehumet.
Vehumet was pleased with you.
You were very hungry.

You visited 2 branches of the dungeon, and saw 7 of its levels.

You collected 292 gold pieces.

Inventory:

Hand Weapons
 r - a +0 hunting sling
 v - a +0 trident of freezing
 C - a +1 dagger of chaos
Missiles
 k - 34 sling bullets
 l - 15 poisoned needles
 B - a throwing net (quivered)
Armour
 a - a +0 robe (worn)
 e - a +0 leather armour
Magical Staves
 w - an uncursed staff of conjuration (weapon)
Jewellery
 f - a ring of resist corrosion (left hand)
 o - a ring of protection from fire (right hand)
Wands
 n - a wand of acid (7)
 x - a wand of polymorph (8)
Scrolls
 d - 4 scrolls of teleportation {unknown}
 g - 2 scrolls of remove curse {unknown}
 h - 8 scrolls of identify {unknown}
 i - a scroll of immolation {unknown}
 m - a scroll of fog {unknown}
 q - 2 scrolls of magic mapping {unknown}
 y - a scroll of enchant weapon {unknown}
Potions
 j - a potion of flight {unknown}
 p - 2 potions of degeneration {unknown}
 s - 3 potions of curing {unknown}
 t - a potion of magic {unknown}
 u - 2 potions of brilliance {unknown}
 A - a potion of ambrosia {unknown}
Books
 b - a book of Conjurations

   Spells                             Type                      Level
   a - Magic Dart                     Conjuration                  1
   b - Searing Ray                    Conjuration                  2
   c - Dazzling Spray                 Conjuration/Hexes            3
   d - Fulminant Prism                Conjuration/Hexes            4
   e - Force Lance                    Conjuration/Translocation    4
   f - Iskenderun's Mystic Blast      Conjuration                  4
 z - a book of Maledictions

   Spells                             Type                      Level
   a - Corona                         Hexes                        1
   b - Ensorcelled Hibernation        Hexes/Ice                    2
   c - Confuse                        Hexes                        3
   d - Tukima's Dance                 Hexes                        3
   e - Dazzling Spray                 Conjuration/Hexes            3
Comestibles
 c - 9 rations


   Skills:
 + Level 1.1 Fighting
 + Level 3.2 Dodging
 - Level 4.2 Stealth
 + Level 8.3 Spellcasting
 + Level 7.3 Conjurations
 - Level 6.0 Hexes


You had 9 spell levels left.
You knew the following spells:

 Your Spells              Type           Power        Failure   Level  Hunger
a - Magic Dart            Conj           ####         1%          1    None
b - Searing Ray           Conj           ######       1%          2    None
c - Dazzling Spray        Conj/Hex       ######       1%          3    None
d - Fulminant Prism       Conj/Hex       ######....   4%          4    ##.....
e - Iskenderun's Mystic   Conj           ######..     3%          4    ##.....


Dungeon Overview and Level Annotations

Branches:
Dungeon (6/15)             Temple (1/1) D:4

Altars:
Ashenzari
Cheibriados
Fedhas
Gozag
Hepliaklqana
Kikubaaqudgha
Makhleb
Nemelex Xobeh
Okawaru
Qazlal
Sif Muna
Trog
Uskayaw
Vehumet
Wu Jian
Xom
Yredelemnul
Zin
The Shining One


Message History

You kill the crimson imp!
Vehumet accepts your kill. (Press . to maintain the ray.)
You see here a hand axe.
You see here a falchion.
There is a stone staircase leading down here.
You miss something.
Something hits you but does no damage. x2
Something barely misses you. Something hits you! Something hits you!
There is a stone staircase leading down, spattered with blood here.
Something completely misses you. Something hits you!
You see here a falchion.
Something hits you!
* * * LOW HITPOINT WARNING * * *
Something hits you.
* * * LOW HITPOINT WARNING * * *
Something hits you!
You die...

####......######...........##
#####....#...# ###..........#
#..........#.#####...........#
..###.##...#........##.......#
### #.##.#..........###.....##
#####........#..##### ##...##
#......##..........# #####
#.#........>.).....#
.........######.@..#
..#.##.### ###.## #######
.##....# #)# #.....# ......##
#.# #.....# .......# #.#
####.....# .......# #.##
#......### .).....#
#..####.####.# .......######
#.......# #.#
.......##...#####..###### #.#


There were no monsters in sight!

Vanquished Creatures
  The ghost of eowindel the Insei, a novice OpTm (D:5)
  2 ogres (D:5)
  The ghost of Fascinator the Chiller, an amateur VSIE (D:3)
  A scorpion (D:5)
  2 crimson imps (D:5)
  A jelly (D:4)
  2 orc priests
  A centaur zombie (D:3)
  A hound (D:5)
  A gnoll shaman (D:5)
  4 orc wizards
  3 worker ants
  A hound skeleton (D:5)
  8 gnolls
  A howler monkey skeleton (D:5)
  9 adders
  An ooze (D:3)
  A worm (D:5)
  5 leopard geckos
  14 orcs
  5 bats
  3 giant cockroaches
  7 goblins
  10 hobgoblins
  14 jackals
  4 quokkas
  A ball python (D:2)
  6 frilled lizards
  6 kobolds
  9 rats
125 creatures vanquished.

Vanquished Creatures (others)
  16 fulminant prisms
16 creatures vanquished.

Grand Total: 141 creatures vanquished

Notes
Turn   | Place    | Note
-------+----------+-------------------------------------------
     0 | D:1      | Razbojnik the Deep Elf Conjurer began the quest for the Orb.
     0 | D:1      | Reached XP level 1. HP: 10/10 MP: 6/6
   413 | D:1      | Reached XP level 2. HP: 15/15 MP: 2/8
   417 | D:1      | Learned a level 2 spell: Searing Ray
  1010 | D:2      | Reached skill level 4 in Spellcasting
  1045 | D:2      | Reached skill level 5 in Conjurations
  1045 | D:2      | Reached XP level 3. HP: 19/19 MP: 6/10
  1058 | D:2      | Learned a level 3 spell: Dazzling Spray
  1202 | D:2      | Reached skill level 1 in Hexes
  1247 | D:2      | Found a radiant altar of Vehumet.
  1253 | D:2      | Became a worshipper of Vehumet
  1436 | D:2      | Reached XP level 4. HP: 24/24 MP: 7/12
  1442 | D:2      | Learned a level 4 spell: Fulminant Prism
  2093 | D:3      | Noticed Fascinator's ghost (amateur VSIE)
  2099 | D:3      | Killed Fascinator's ghost
  2099 | D:3      | Reached XP level 5. HP: 28/28 MP: 5/13
  2390 | D:3      | Reached * piety under Vehumet
  2390 | D:3      | Offered knowledge of Flame Tongue by Vehumet.
  2472 | D:3      | Reached skill level 5 in Hexes
  2902 | D:4      | Reached skill level 5 in Spellcasting
  2997 | D:4      | Found an ornate altar of the Wu Jian Council.
  3041 | D:4      | Reached XP level 6. HP: 32/32 MP: 10/15
  3203 | D:4      | Found a shattered altar of Ashenzari.
  3474 | D:4      | Found an iron altar of Okawaru.
  3610 | D:4      | Found a staircase to the Ecumenical Temple.
  3623 | Temple   | Entered the Ecumenical Temple
  3840 | D:5      | Entered Level 5 of the Dungeon
  3856 | D:5      | Noticed eowindel's ghost (novice OpTm)
  3953 | D:5      | Learned a level 4 spell: Iskenderun's Mystic Blast
  4003 | D:5      | Reached ** piety under Vehumet
  4054 | D:5      | Offered knowledge of Freeze by Vehumet.
  4054 | D:5      | Reached skill level 6 in Spellcasting
  4129 | D:5      | Killed eowindel's ghost
  4129 | D:5      | Reached skill level 7 in Spellcasting
  4129 | D:5      | Reached XP level 7. HP: 34/36 MP: 7/19
  4699 | D:5      | Reached skill level 8 in Spellcasting
  4699 | D:5      | Reached XP level 8. HP: 41/41 MP: 15/22
  4828 | D:5      | Found a shimmering altar of Xom.
  4875 | D:6      | Offered knowledge of Static Discharge by Vehumet.
  5163 | D:5      | Reached skill level 1 in Fighting
  5210 | D:5      | Slain by an unseen horror

Skill      XL: |  1  2  3  4  5  6  7  8 |
---------------+-------------------------+-----
Spellcasting   | 4 5 7 8 |  8.3
Conjurations   | 5 6 7 |  7.3
Hexes          | 2 4 5 6 |  6.0
Stealth        | 4 |  4.2
Dodging        | 3 |  3.2
Fighting       | 1 |  1.1

Action                   |  1- 3 |  4- 6 |  7- 9 || total
-------------------------+-------+-------+-------++-------
Melee: Spear             |    14 |       |       ||    14
       Trident           |       |     1 |       ||     1
       Staff             |       |       |     1 ||     1
 Fire: Hunting sling     |       |    15 |       ||    15
 Cast: Magic Dart        |    48 |    45 |    23 ||   116
       Searing Ray       |     4 |    17 |    11 ||    32
       Fulminant Prism   |       |     6 |    10 ||    16
       Dazzling Spray    |       |     1 |     5 ||     6
 Stab: Sleeping          |     3 |     1 |       ||     4
  Eat: Chunk             |     2 |     8 |     3 ||    13
Armor: Robe              |     4 |     2 |     5 ||    11
Dodge: Dodged            |    11 |    13 |    12 ||    36
